 Dungeon Crawl Stone Soup version 0.18.1-5-g4a78601 (webtiles) character file.

445 deorigin the Grappler (level 6, 0/59 HPs)
             Began as a Troll Monk on May 10, 2016.
             Killed from afar by Blork the orc (9 damage)
             ... with a puff of flame
             ... on level 4 of the Dungeon.
             The game lasted 00:08:33 (2733 turns).

deorigin the Grappler (Troll Monk)                  Turns: 2733, Time: 00:08:34

Health: 0/59       AC:  5    Str: 20    XL:     6   Next: 72%
Magic:  14/14      EV: 11    Int:  6    God:
Gold:   174        SH:  0    Dex: 18    Spells: 0 memorised, 5 levels left

rFire  . . .     SeeInvis .       - Unarmed
rCold  . . .     Gourm    +     a - +0 robe
rNeg   . . .     Faith    .     (no shield)
rPois  .         Spirit   .     (helmet restricted)
rElec  .         Dismiss  .     (no cloak)
rCorr  .         Reflect  .     (gloves unavailable)
SustAt .         Harm     .     (boots unavailable)
MR     .....                    (no amulet)
Stlth  ++........               r - ring of magical power
                                p - +4 ring of dexterity

@: drained, not resistant to hostile enchantments, unstealthy
A: unfitting armour, claws 3, fast metabolism 3, gourmand, regeneration 2,
shaggy fur 1, tough skin 2
a: no special abilities


You were on level 4 of the Dungeon.
You were near starving.

You visited 1 branch of the dungeon, and saw 4 of its levels.

You collected 174 gold pieces.

Inventory:

Missiles
 k - 3 javelins (quivered)
Armour
 a - a +0 robe (worn)
Jewellery
 n - an uncursed amulet of harm
 p - a +4 ring of dexterity (left claw)
 r - a ring of magical power (right claw)
Wands
 u - a wand of confusion (20/48)
Scrolls
 d - 2 scrolls of amnesia {unknown}
 f - a scroll of fog {unknown}
 g - 5 scrolls of identify {unknown}
 h - a scroll of blinking {unknown}
 i - a scroll of immolation {unknown}
 j - a scroll of teleportation {unknown}
Potions
 c - a potion of haste {unknown}
 e - a potion of invisibility {unknown}
 l - a potion of flight {unknown}
 m - 2 potions of curing {unknown}
 o - 3 potions of lignification {unknown}
 q - a potion of mutation {unknown}
 s - a potion of brilliance {unknown}
Comestibles
 b - 5 bread rations
 t - a slice of pizza


   Skills:
 - Level 2.4(2.2) Fighting
 - Level 2.4(2.2) Dodging
 - Level 1.1(0.9) Stealth
 + Level 8.2(8.0) Unarmed Combat


You had 5 spell levels left.
You didn't know any spells.

Dungeon Overview and Level Annotations

Branches:
Dungeon (4/15)
 Temple: D:4-7

Altars:
Fedhas
Makhleb
Xom

Annotations:
D:4 Blork the orc


Innate Abilities, Weirdness & Mutations

You are too large for most types of armour.
You have claws for hands.
Your metabolism is lightning-fast.
You like to eat raw meat.
You heal very quickly.
You are covered in fur (AC +1).
You have very tough skin (AC +2).


Message History

Blork the orc hits you from afar with a halberd.
The orc barely misses you. The orc hits you with a short sword.
Things that are here:
a flail; a ring mail You mangle the orc!!
You kill the orc!
Blork the orc hits you from afar with a halberd.
The orc barely misses you.
Blork the orc hits you from afar with a halberd!
* * * LOW HITPOINT WARNING * * *
The orc hits you with a flail of protection.
* * * LOW HITPOINT WARNING * * *
Things that are here:
a short sword; 5 tomahawks You claw the orc!
You kill the orc!
Blork the orc misses you. Blork the orc casts a spell at you.
The puff of flame hits you!
You die...

.# ....... ..#
....... ....##
.......
......###.......
#.......#.......
#..##..#.......
#............##
##......@o......
.......)).....##
.......)......#
.#......).....##
#..............
#.#..#.<#.#.#..
#......$#.#.# .
..##......# #
...........#


You could see Blork the orc.

Vanquished Creatures
  Sigmund (D:2)
  A scorpion (D:3)
  4 crimson imps (D:3)
  An orc priest (D:4)
  An ooze (D:2)
  3 worms
  2 dart slugs
  3 giant geckos
  3 orcs (D:4)
  8 bats
  2 giant cockroaches (D:2)
  5 goblins
  5 hobgoblins
  3 quokkas
  3 giant newts
  4 kobolds
  7 rats
56 creatures vanquished.

Notes
Turn   | Place    | Note
--------------------------------------------------------------
     0 | D:1      | deorigin the Troll Monk began the quest for the Orb.
     0 | D:1      | Reached XP level 1. HP: 22/22 MP: 0/0
   440 | D:1      | Reached XP level 2. HP: 29/29 MP: 1/1
   922 | D:2      | Noticed Sigmund
   934 | D:2      | Killed Sigmund
   934 | D:2      | Reached skill level 6 in Unarmed Combat
   934 | D:2      | Reached XP level 3. HP: 11/36 MP: 2/2
   934 | D:2      | Reached XP level 4. HP: 14/44 MP: 3/3
   934 | D:2      | Reached XP level 5. HP: 16/50 MP: 4/4
  1048 | D:2      | Found a burning altar of Makhleb.
  1925 | D:3      | Reached skill level 7 in Unarmed Combat
  2104 | D:3      | Found a blossoming altar of Fedhas.
  2153 | D:3      | Found a shimmering altar of Xom.
  2257 | D:3      | Reached XP level 6. HP: 59/59 MP: 5/5
  2556 | D:3      | Reached skill level 8 in Unarmed Combat
  2719 | D:4      | Noticed Blork the orc
  2733 | D:4      | Killed from afar by Blork the orc

Skill      XL: |  1  2  3  4  5  6 |
---------------+-------------------+-----
Unarmed Combat | 6 7 8 |  8.2
Fighting       | |  2.4
Dodging        | |  2.4
Stealth        | |  1.1

Action                   |  1- 3 |  4- 6 || total
-------------------------+-------+-------++-------
Melee: Unarmed           |    40 |   101 ||   141
       Punch             |       |     2 ||     2
 Stab: Sleeping          |     2 |     6 ||     8
       Distracted        |       |     1 ||     1
       Invisible         |       |     1 ||     1
  Eat: Chunk             |     4 |    12 ||    16
       Bread ration      |     1 |       ||     1
Armor: Robe              |     9 |    29 ||    38
Dodge: Dodged            |    23 |    61 ||    84
